 Dungeon Crawl Stone Soup version 0.29-a0-857-g9b1aa3ac5b (webtiles) character file.

Game seed: 18118492885624226669

588 concernfroge the Fighter (level 7, -3/63 HPs)
             Began as a Mummy Monk on July 17, 2022.
             Slain by a mummy (14 damage)
             ... in an ossuary.
             The game lasted 00:13:02 (4499 turns).

concernfroge the Fighter (Mummy Monk)               Turns: 4499, Time: 00:13:03

Health: -3/63      AC: 11    Str: 16    XL:     7   Next: 15%
Magic:  7/7        EV:  7    Int:  9    God:
Gold:   162        SH:  0    Dex: 15    Spells: 6/6 levels left

rFire   x . .      SeeInvis .   k - +0 broad axe
rCold   + . .      Faith    .   (no shield)
rNeg    + + +      Spirit   .   f - +0 chain mail
rPois   ∞          Reflect  .   c - +0 helmet
rElec   .          Harm     .   (no cloak)
rCorr   .          Rampage  .   g - +0 pair of gloves
Will    .....                   i - +0 pair of boots
Stlth   ..........              (no amulet)
HPRegen 0.20/turn               (no ring)
MPRegen 0.10/turn               (no ring)

@: no status effects
A: cold resistance 1, negative energy resistance 3, torment resistance 2, heat
vulnerability 1, in touch with death 1, no potions
a: no special abilities


You were in an ossuary.
You visited 1 branch of the dungeon, and saw 5 of its levels.
You also visited: Ossuary.

You collected 162 gold pieces.

Inventory:

Hand Weapons
 k - a +0 broad axe (weapon)
Armour
 c - a +0 helmet (worn)
 f - a +0 chain mail (worn)
 g - a +0 pair of gloves (worn)
 i - a +0 pair of boots (worn)
Wands
 b - a wand of paralysis (6)
Scrolls
 a - a scroll of identify
 e - 2 scrolls of magic mapping
 h - a scroll of fear


   Skills:
 + Level 8.3 Fighting
 - Level 2.4 Polearms
 - Level 2.4 Dodging
 - Level 1.5 Stealth


You had 6 spell levels left.
You didn't know any spells.
Your spell library contained the following spells:

 Spells                   Type           Power      Damage    Failure   Level
 Static Discharge         Conj/Air       0%         3-3/arc   100%        2
 Ozocubu's Armour         Ice            0%         N/A       100%        3
 Dispel Undead            Necr           0%         3d6       100%        4
 Sticky Flame             Conj/Fire      0%         2d3       100%        4
 Metabolic Englaciation   Hex/Ice        0%         N/A       100%        5
 Simulacrum               Ice/Necr       0%         N/A       100%        6


Dungeon Overview and Level Annotations

Branches:
Dungeon (5/15)            Ossuary (1/1)
 Temple: D:4-7

Altars:


Innate Abilities, Weirdness & Mutations

You are immune to poison.
Your flesh is cold resistant. (rC+)
You are immune to negative energy. (rN+++)
You are immune to unholy pain and torment.
You are vulnerable to heat. (rF-)
You are in touch with the powers of death.
You do not drink.


Message History

The mummy is heavily damaged.
The mummy barely misses you.
You slash the mummy!
The mummy is almost destroyed.
The mummy barely misses you.
You barely miss the mummy.
The mummy is almost destroyed.
The mummy hits you but does no damage.
You slash the mummy!
You destroy the mummy!
A mummy comes into view.
You hit the mummy but do no damage. The mummy hits you!
You hit the mummy but do no damage. The mummy hits you but does no damage.
You barely miss the mummy. The mummy hits you but does no damage.
You hit the mummy but do no damage. The mummy hits you.
You barely miss the mummy. The mummy closely misses you.
You slash the mummy!
The mummy is almost destroyed.
The mummy hits you!
You slash the mummy!
You destroy the mummy!
A mummy comes into view.
A mummy comes into view.
The mummy hits you!
You hit the mummy.
The mummy is moderately damaged.
The mummy barely misses you.
You hit the mummy.
The mummy is heavily damaged.
The mummy hits you!
You are too injured to fight recklessly!
You barely miss the mummy.
The mummy is heavily damaged.
The mummy barely misses you.
You slash the mummy!
You destroy the mummy!
You barely miss the mummy. The mummy hits you!
* * * LOW HITPOINT WARNING * * *
You barely miss the mummy. The mummy hits you!
You die...

###############
##......@M......
##......####.....
#......##..## ...
#.....##....##...
#................
##...............
##.............
#+##........#
##......##


You could see a mummy.

Vanquished Creatures
  Eustachio (D:4)
  A phantom (D:5)
  2 necrophages (D:5)
  A scorpion (D:5)
  7 mummies (Ossuary)
  2 adders (D:3)
  A worm (D:3)
  3 dart slugs
  An orc (D:3)
  7 ball pythons
  8 endoplasms
  4 giant cockroaches
  A gnoll zombie (Ossuary)
  8 goblins
  7 hobgoblins
  2 quokkas
  5 bats
  5 frilled lizards
  3 hobgoblin zombies (Ossuary)
  9 kobolds
  A kobold zombie (Ossuary)
  3 orc zombies (Ossuary)
  5 rats
87 creatures vanquished.

Vanquished Creatures (others)
  4 plants (D:1)
4 creatures vanquished.

Grand Total: 91 creatures vanquished

Notes
Turn   | Place    | Note
-------+----------+-------------------------------------------
     0 | D:1      | concernfroge the Mummy Monk began the quest for the Orb.
     0 | D:1      | Reached XP level 1. HP: 18/18 MP: 1/1
   173 | D:1      | Reached XP level 2. HP: 16/24 MP: 2/2
   583 | D:1      | Reached skill level 4 in Fighting
   853 | D:1      | Gained mutation: You are in touch with the powers of death.
                  | [Mummy growth]
   853 | D:1      | Reached XP level 3. HP: 30/30 MP: 3/3
  1699 | D:2      | Found a faded altar of an unknown god.
  2278 | D:3      | Reached XP level 4. HP: 29/38 MP: 4/4
  2361 | D:3      | Reached skill level 5 in Fighting
  2463 | D:4      | Noticed Eustachio
  2796 | D:3      | Paralysed by a goblin for 5 turns
  3539 | D:4      | Killed Eustachio
  3540 | D:4      | Reached skill level 6 in Fighting
  3540 | D:4      | Reached XP level 5. HP: 22/47 MP: 5/5
  3540 | D:4      | Noticed an ogre
  3543 | D:5      | Entered Level 5 of the Dungeon
  3599 | D:5      | Noticed a black bear
  3640 | D:5      | Reached skill level 7 in Fighting
  3640 | D:5      | Reached XP level 6. HP: 33/55 MP: 6/6
  4150 | D:5      | Found a sand-covered staircase.
  4156 | Ossuary  | Entered an ossuary
  4171 | Ossuary  | Reached skill level 8 in Fighting
  4179 | Ossuary  | Reached XP level 7. HP: 17/62 MP: 7/7
  4499 | Ossuary  | Slain by a mummy

Illustrated notes

Levels and vault maps discovered:
D:1:      scummos_arrival_forest, layout_basic, serial_forest,
          infiniplex_forest_zigzag_1, infiniplex_forest_3_way,
          infiniplex_forest_clump_double, infiniplex_forest_lined_2,
          infiniplex_forest_diagonal, infiniplex_forest_straight_3,
          infiniplex_forest_lined_ring, nrook_campfire
D:2:      layout_basic, dilly_ecumenical_altar_fadedgnrine, eino_curves_04
D:3:      layout_basic, mainiacjoe_overflow_alcove_1, chequers_jeans,
          grunt_decor_one_mirror, minmay_misc_feat_hallway
D:4:      layout_gridville, grunt_temple_overflow_growth_and_decay,
          nicolae_qazlal_style_of_elements, hangedman_abyss_or_decor_stagger,
          uniq_eustachio
D:5:      layout_basic, trog_ov_bears_minmay, nemelex_xobeh_ov_fountains_minmay,
          nicolae_ossuary_entry_plus, biasface_ghost_orc_armoury
Ossuary:  ossuary_tomb_3

Skill      XL: |  1  2  3  4  5  6 |
---------------+-------------------+-----
Fighting       | 4 6 7 8 |  8.3
Polearms       | |  2.4
Dodging        | |  2.4
Stealth        | |  1.5

Action                   |  1- 3 |  4- 6 |  7- 9 || total
-------------------------+-------+-------+-------++-------
Melee: Spear             |    12 |       |       ||    12
       Long sword        |   130 |   116 |       ||   246
       Punch             |       |     4 |       ||     4
       Broad axe         |       |    25 |    29 ||    54
  Use: Scroll            |       |    12 |       ||    12
 Stab: Sleeping          |     3 |       |       ||     3
Armor: Robe              |     7 |       |       ||     7
       Chain mail        |    86 |   104 |     8 ||   198
Dodge: Dodged            |    62 |    71 |    15 ||   148

Table legend: (Time is in decaauts)
 A = Elapsed time spent in this place.
 B = Non-inter-level travel time spent in this place.
 C = Inter-level travel time spent in this place.
 D = Time resting spent in this place.
 E = Time spent auto-exploring this place.
 F = Levels seen in this place.
 G = Mean time per level.
                   A        B        C        D        E       F      G
               +--------+--------+--------+--------+--------+-----+--------+
         Total |   4623 |   4505 |    118 |    679 |   2947 |   6 |  770.5 |
       Dungeon |   4256 |   4138 |    118 |    460 |   2893 |   5 |  851.2 |
       Ossuary |    367 |    367 |      0 |    219 |     54 |   1 |  367.0 |
               +--------+--------+--------+--------+--------+-----+--------+

Top non-repeatable levels by time:
     D:3: 1383 daAuts
     D:1: 1382 daAuts
     D:2: 820 daAuts
     D:5: 631 daAuts
 Ossuary: 367 daAuts
     D:4: 39 daAuts
